 Dungeon Crawl Stone Soup version 0.29.1-1-gd02db6906a (webtiles) character file.

Game seed: 2074089717151037933

110 quakins the Chopper (level 4, -2/39 HPs)
             Began as a Minotaur Berserker on Oct 2, 2022.
             Was a Believer of Trog.
             Slain by an orc
             ... wielding a +0 mace
              (4 damage)
             ... on level 3 of the Dungeon.
             The game lasted 00:03:44 (3039 turns).

quakins the Chopper (Minotaur Berserker)            Turns: 3039, Time: 00:03:45

Health: -2/39      AC:  5    Str: 23    XL:     4   Next: 61%
Magic:  3/3        EV: 11    Int: 10    God:    Trog [**....]
Gold:   112        SH:  0    Dex: 10    Spells: 3/3 levels left

rFire   . . .      SeeInvis .   a - +0 hand axe
rCold   . . .      Faith    .   (no shield)
rNeg    . . .      Spirit   .   j - +0 ring mail
rPois   .          Reflect  .   (helmet restricted)
rElec   .          Harm     .   (no cloak)
rCorr   .          Rampage  .   (no gloves)
Will    .....                   (no boots)
Stlth   ..........              (no amulet)
HPRegen 0.13/turn               g - +6 ring of intelligence
MPRegen 0.08/turn               (no ring)

@: on berserk cooldown, slowed, very slow
A: horns 2, retaliatory headbutt
a: Renounce Religion, Berserk, Trog's Hand


You were on level 3 of the Dungeon.
You worshipped Trog.
Trog was pleased with you.
You visited 1 branch of the dungeon, and saw 3 of its levels.

You collected 112 gold pieces.

Inventory:

Hand Weapons
 a - a +0 hand axe (weapon)
Armour
 j - a +0 ring mail (worn)
Jewellery
 g - a +6 ring of intelligence (left hand)
Wands
 n - a wand of flame (27)
Scrolls
 b - a scroll of blinking {unknown}
 c - 3 scrolls of teleportation {unknown}
 d - a scroll of amnesia {unknown}
 e - a scroll of fog {unknown}
 h - 2 scrolls of enchant armour {unknown}
 k - a scroll of summoning {unknown}
 l - 3 scrolls of identify {unknown}
 m - a scroll of vulnerability {unknown}
Potions
 f - a potion of brilliance {unknown}
 i - 3 potions of curing {unknown}


   Skills:
 - Level 3.6 Fighting
 + Level 6.6 Axes
 - Level 2.4 Armour
 - Level 2.1 Dodging


You had 3 spell levels left.
You didn't know any spells.
Your spell library was empty.

Dungeon Overview and Level Annotations

Branches:
Dungeon (3/15)

Altars:

Shops:
D:2 (


Innate Abilities, Weirdness & Mutations

You have a pair of horns on your head.
You reflexively headbutt those who attack you in melee.


Message History

You hit something. Trog accepts your kill.
Trog appreciates your killing of a magic user.
Reactivating autopickup.
You feel a bit more experienced.
The orc hits you from afar with a +0 trident.
* * * LOW HITPOINT WARNING * * *
An orc comes into view. It is wielding a +0 mace.
The orc shouts!
Things that are here:
a +0 dagger; a +0 robe You closely miss the orc.
An orc priest comes into view. It is wielding a +0 club.
The orc closely misses you.
You barely miss the orc.
The orc priest shouts!
The orc barely misses you.
You hit the orc.
The orc is almost dead.
You hit the orc.
You kill the orc!
Trog accepts your kill.
You feel the effects of Trog's Hand fading.
You feel a strong urge to attack something.
The orc priest calls down the wrath of Beogh upon you.
Beogh smites you!
* * * LOW HITPOINT WARNING * * *
Things that are here:
a +0 dagger; a +0 robe You are no longer berserk.
You are exhausted.
You feel yourself slow down.
Things that are here:
a +0 dagger; a +0 robe The orc hits you with a +0 mace.
* * * LOW HITPOINT WARNING * * *
You barely miss the orc. Your headbutt misses the orc.
Your skin stops crawling.
You feel less strong-willed. The orc hits you with a +0 mace.
You die...

#.#####.############
#.#.................
#.#.###.#######.####
#.#.# #.# ##...###
#.#.###.# #.....##
#.......# ##...###
###.##### ##.## #
#.# #.# #@# #.#
#o### ##+## #o).#
##...## ###)#
##.....## .#
##.......# ..
#......... ...
+......... ..#.
#......... .##.#
#.......#


You could see an orc priest and an orc.

Vanquished Creatures
  An orc wizard (D:3)
  An adder (D:2)
  3 dart slugs
  4 orcs (D:3)
  4 ball pythons
  3 endoplasms
  4 giant cockroaches
  11 goblins
  3 hobgoblins (D:1)
  5 bats
  3 frilled lizards
  A kobold (D:1)
  6 rats
49 creatures vanquished.

Vanquished Creatures (others)
  An orc wizard (D:3)
1 creature vanquished.

Grand Total: 50 creatures vanquished

Notes
Turn   | Place    | Note
-------+----------+-------------------------------------------
     0 | D:1      | quakins the Minotaur Berserker began the quest for the Orb.
     0 | D:1      | Reached XP level 1. HP: 19/19 MP: 0/0
   126 | D:1      | Reached skill level 4 in Axes
   241 | D:1      | Reached XP level 2. HP: 26/26 MP: 1/1
  1123 | D:2      | Reached skill level 5 in Axes
  1123 | D:2      | Reached XP level 3. HP: 19/31 MP: 2/2
  1327 | D:2      | Found a faded altar of an unknown god.
  1365 | D:2      | Reached ** piety under Trog
  1667 | D:2      | Found Gekehut's Antique Weapon Emporium.
  2958 | D:3      | Reached XP level 4. HP: 39/39 MP: 3/3
  3022 | D:3      | Reached skill level 6 in Axes
  3035 | D:3      | HP: 2/58 [orc priest/divine providence (10)]
  3039 | D:3      | Slain by an orc

Illustrated notes

Levels and vault maps discovered:
D:1:      elethiomel_arrival_infinity_welcomes_careful_drivers,
          layout_loops_ring, chequers_mini_garden
D:2:      kennysheep_six_static_rooms, layout_loops_cross,
          shapermc_ecumenical_altar_pompeii, serial_shops, shop, minivault_25,
          minmay_close_crescents
D:3:      layout_loops_corners, nicolae_gozag_seed_capital,
          nicolae_dithmenos_through_a_glass_darkly, nicolae_ru_path_of_blood

Skill      XL: |  1  2  3  4 |
---------------+-------------+-----
Axes           | 4 5 6 |  6.6
Fighting       | |  3.6
Armour         | |  2.4
Dodging        | |  2.1

Action                   |  1- 3 |  4- 6 || total
-------------------------+-------+-------++-------
Melee: Hand axe          |    87 |    17 ||   104
       Headbutt          |     9 |     1 ||    10
       Punch             |       |     1 ||     1
Invok: Berserk           |       |     1 ||     1
       Trog's Hand       |       |     1 ||     1
Armor: Animal skin       |     5 |       ||     5
       Ring mail         |    24 |     4 ||    28
Dodge: Dodged            |    58 |     7 ||    65
